Tamiflu vs Blackdemons
Created - 12 janvier 2015 at 19:28
Goals
|
| Tamiflu |
1 |
1 |
1 |
3 |
| Blackdemons |
1 |
1 |
2 |
4 |
|
Shots
|
| Tamiflu |
14 |
15 |
15 |
44 |
| Blackdemons |
5 |
10 |
14 |
29 |
|
1st period
1. Blackdemons , Matt Calvert 8 (Shawn Matthias) at 6:42
2. Tamiflu , Ben Hanowski 4 (Johan Fransson, Garrett Wilson) at 16:05
Penalties :
No Penalty
2nd period
3. Tamiflu , Rich Clune 5 (Jonathan Sigalet, Mike Duco) at 2:55
4. Blackdemons , Shawn Matthias 9 (Jakub Kindl, Stefan Legein) at 11:29
Penalties :
Zach Boychuk (MJM) for High sticking (Minor) at 11:56
3rd period
5. Tamiflu , Alex Picard 35 (Nate Thompson) at 3:23
6. Blackdemons , Steven Zalewski 5 (Brendon Nash, Matt Calvert) at 7:37
7. Blackdemons , Matt Hunwick 5 (Francois Bouchard, Jakub Kindl) at 10:17 (PP)
Penalties :
Casey Wellman (Det) for Tripping (Minor) at 10:07, Wayne Primeau (MJM) for Hooking (Minor) at 15:13
Goalie Stats
Mike McKenna (Det), 25 saves from 29 shots - (0,862), L, 16-11-2, 59:47 minutes
Martin Biron (MJM), 41 saves from 44 shots - (0,932), W, 31-6-1, 60:00 minutes
Players Stats for Tamiflu
Player Name G A P +/- PIM S H SB GA TA FO MP PP MP PK MP
------------------------------------------------------------------------------------
Adam Henrique 0 0 0 -1 0 6 2 0 0 0 7/11 16:46 2:01 0:00
Alex Picard 1 0 1 -1 0 5 0 2 0 0 0/4 21:38 1:57 0:10
Ben Hanowski 1 0 1 1 0 3 0 0 1 0 0/0 9:19 0:00 0:00
Carson Mcmillan 0 0 0 -1 0 9 1 0 0 0 0/1 16:50 2:01 0:00
Casey Wellman 0 0 0 1 2 0 0 0 0 2 2/2 12:50 0:00 0:00
Cody Goloubef 0 0 0 0 0 1 0 0 0 1 0/0 7:03 0:00 0:00
Garrett Wilson 0 1 1 1 0 0 1 0 0 0 0/0 8:54 0:00 0:00
Jan Mursak 0 0 0 -1 0 0 3 1 1 0 0/2 16:46 2:01 0:00
Johan Fransson 0 1 1 0 0 2 1 2 0 0 0/0 18:41 2:00 0:00
Jonathan Sigalet 0 1 1 1 0 1 2 0 1 1 0/0 24:10 1:58 0:10
Jordan Hendry 0 0 0 1 0 0 2 2 0 1 0/0 24:10 1:58 0:10
Kyle Lawson 0 0 0 -1 0 0 1 2 0 0 0/0 11:15 0:00 0:00
Mike Duco 0 1 1 1 0 2 0 1 0 0 0/0 12:48 0:00 0:00
Nate Thompson 0 1 1 -1 0 3 1 0 2 1 18/38 21:32 1:57 0:10
Nathan Oystrick 0 0 0 0 0 8 1 0 1 0 0/0 18:24 2:00 0:00
Petr Pohl 0 0 0 -1 0 0 1 4 0 1 0/1 21:24 1:57 0:00
Philip Samuelsson 0 0 0 -1 0 0 0 0 0 1 0/0 10:06 0:00 0:00
Philippe Dupuis 0 0 0 1 0 1 0 0 0 0 0/0 8:34 0:00 0:00
Rich Clune 1 0 1 1 0 3 0 0 0 0 0/0 12:28 0:00 0:00
Stefan Elliott 0 0 0 0 0 0 0 0 0 0 0/0 0:00 0:00 0:00
Teemu Laakso 0 0 0 0 0 0 0 0 0 0 0/0 6:11 0:00 0:00
Teigan Zahn 0 0 0 0 0 0 0 0 0 0 0/0 0:00 0:00 0:00
Players Stats for Blackdemons
Player Name G A P +/- PIM S H SB GA TA FO MP PP MP PK MP
------------------------------------------------------------------------------------
Alyn McCauley 0 0 0 -1 0 1 2 0 1 0 7/12 17:45 0:10 1:21
Andrew MacDonald 0 0 0 0 0 1 0 3 0 0 0/0 18:00 0:00 1:31
Ben Walter 0 0 0 0 0 0 0 0 0 0 0/0 0:41 0:00 0:13
Brendon Nash 0 1 1 0 0 0 1 2 1 1 0/0 18:00 0:00 1:31
Bryan Lerg 0 0 0 0 0 0 0 0 0 0 0/0 0:00 0:00 0:00
Calvin de Haan 0 0 0 2 0 0 0 0 0 0 0/0 11:54 0:00 0:00
Chad Rau 0 0 0 0 0 0 0 0 0 0 0/0 0:00 0:00 0:00
Charles-Olivier Roussel 0 0 0 -1 0 0 0 0 0 0 0/0 5:35 0:00 0:00
Colin Long 0 0 0 0 0 0 0 0 0 0 0/0 0:00 0:00 0:00
Francois Bouchard 0 1 1 -1 0 0 0 1 0 0 0/0 16:14 0:10 0:00
Jakub Kindl 0 2 2 -1 0 0 2 1 0 0 0/0 24:31 0:10 2:27
Luca Caputi 0 0 0 0 0 0 3 0 0 0 2/2 10:04 0:00 1:29
Mathieu Dandenault 0 0 0 -1 0 2 1 1 0 1 2/2 19:47 0:00 2:06
Matt Calvert 1 1 2 2 0 1 1 0 2 0 0/0 15:14 0:00 0:00
Matt Hunwick 1 0 1 -1 0 3 0 4 2 1 0/0 24:31 0:10 2:27
Michael Haley 0 0 0 -1 0 2 2 0 0 1 0/0 17:17 0:10 1:27
Olivier Magnan 0 0 0 -1 0 0 0 1 0 0 0/0 5:35 0:00 0:00
Scott Timmins 0 0 0 0 0 0 0 0 0 0 0/0 0:00 0:00 0:00
Shawn Matthias 1 1 2 2 0 3 3 0 0 1 2/7 15:14 0:00 0:19
Stefan Legein 0 1 1 1 0 0 1 0 0 0 0/0 10:37 0:00 0:00
Steve Oleksy 0 0 0 2 0 3 1 0 0 0 0/0 11:54 0:00 0:00
Steven Zalewski 1 0 1 1 0 4 0 0 0 1 0/1 10:44 0:00 0:00
Wayne Primeau 0 0 0 -1 2 3 3 1 1 0 19/34 23:45 0:00 1:01
Zach Boychuk 0 0 0 -1 2 6 0 0 1 0 0/1 18:38 0:00 0:00
3 Stars
1 - Shawn Matthias (MJM)
2 - Matt Calvert (MJM)
3 - Ben Hanowski (Det)
Power Play
Tamiflu - 0 on 2 Attempt(s) - 0,00%
Blackdemons - 1 on 1 Attempt(s) - 100,00%
Penalty Kill
Tamiflu - 0 on 1 Attempt(s) - 0,00%
- Score 0 goal in Penalty Kill
Blackdemons - 2 on 2 Attempt(s) - 100,00%
- Score 0 goal in Penalty Kill
Official
Referees : StPierre Justin and Meier Brad
Linesman : Mark Wheler and Greg Devorski
Game Notes
Stefan Legein is injured at 18:54 of 2nd period (Left Hand)
Philip Samuelsson is injured at 11:46 of 3rd period (Strained Right Elbow)
Finance
Level 1 -- Attendance: 1427 (71,35%) -- Ticket Income 42 810 $
Level 2 -- Attendance: 831 (83,10%) -- Ticket Income 8 310 $
Total Attendance: 2258 (75,27%)
Total Ticket Income: 51 120 $
Other Income: 2 556 $
Total Income: 53 676 $
Tamiflu
5 vs 5 Forward
Center Left Wing Right Wing Time % Phy DF OF
1 Nate Thompson Alex Picard Petr Pohl 40 1 2 2
2 Adam Henrique Jan Mursak Carson Mcmillan 30 1 2 2
3 Casey Wellman Rich Clune Mike Duco 20 1 2 2
4 Philippe Dupuis Garrett Wilson Ben Hanowski 10 1 2 2
5 vs 5 Defense
Defense Defense Time % Phy DF OF
1 Jonathan Sigalet Jordan Hendry 40 1 2 2
2 Nathan Oystrick Johan Fransson 30 1 2 2
3 Kyle Lawson Philip Samuelsson 20 1 2 2
4 Cody Goloubef Teemu Laakso 10 1 2 2
PowerPlay Forward
Center Left Wing Right Wing Time % Phy DF OF
1 Nate Thompson Alex Picard Petr Pohl 60 1 2 2
2 Adam Henrique Jan Mursak Carson Mcmillan 40 1 2 2
PowerPlay Defense
Defense Defense Time % Phy DF OF
1 Jonathan Sigalet Jordan Hendry 60 1 2 2
2 Nathan Oystrick Johan Fransson 40 1 2 2
Penalty Kill 4 Players Forward
Center Wing Time % Phy DF OF
1 Nate Thompson Alex Picard 60 1 2 2
2 Adam Henrique Petr Pohl 40 1 2 2
Penalty Kill 4 Players Defense
Defense Defense Time % Phy DF OF
1 Jonathan Sigalet Jordan Hendry 60 1 2 2
2 Nathan Oystrick Johan Fransson 40 1 2 2
Penalty Kill - 3 Players Forward
Forward Time % Phy DF OF
1 Nate Thompson 60 1 2 2
2 Adam Henrique 40 1 2 2
Penalty Kill - 3 Players Defense
Defense Defense Time % Phy DF OF
1 Jonathan Sigalet Jordan Hendry 60 1 2 2
2 Nathan Oystrick Johan Fransson 40 1 2 2
4 vs 4 Forward
Center Wing Time % Phy DF OF
1 Nate Thompson Alex Picard 60 1 2 2
2 Adam Henrique Petr Pohl 40 1 2 2
4 vs 4 Defense
Defense Defense Time % Phy DF OF
1 Jonathan Sigalet Jordan Hendry 60 1 2 2
2 Nathan Oystrick Johan Fransson 40 1 2 2
Last Minutes Offensive
Center Left Wing Right Wing Defense Defense
Nate Thompson Alex Picard Petr Pohl Jonathan Sigalet Jordan Hendry
Last Minutes Defensive
Center Left Wing Right Wing Defense Defense
Nate Thompson Alex Picard Petr Pohl Jonathan Sigalet Jordan Hendry
Goaltenders
Starting : Mike McKenna
Backup : Thomas Greiss
Extra Forwards
Normal : Mike Duco, Ben Hanowski, Casey Wellman - PP : Mike Duco, Ben Hanowski - PK : Casey Wellman
Extra Defensemen
Normal : Kyle Lawson, Philip Samuelsson, Cody Goloubef - PP : Kyle Lawson - PK : Philip Samuelsson, Cody Goloubef
Penalty Shots
Nate Thompson, Alex Picard, Carson Mcmillan, Petr Pohl, Adam Henrique
Blackdemons
5 vs 5 Forward
Center Left Wing Right Wing Time % Phy DF OF
1 Wayne Primeau Zach Boychuk Mathieu Dandenault 40 1 2 2
2 Alyn McCauley Michael Haley Francois Bouchard 30 1 2 2
3 Shawn Matthias Matt Calvert Stefan Legein 20 1 2 2
4 Steven Zalewski Luca Caputi Wayne Primeau 10 1 2 2
5 vs 5 Defense
Defense Defense Time % Phy DF OF
1 Matt Hunwick Jakub Kindl 40 1 2 2
2 Brendon Nash Andrew MacDonald 30 1 2 2
3 Steve Oleksy Calvin de Haan 20 1 2 2
4 Olivier Magnan Charles-Olivier Roussel 10 1 2 2
PowerPlay Forward
Center Left Wing Right Wing Time % Phy DF OF
1 Wayne Primeau Zach Boychuk Mathieu Dandenault 60 1 2 2
2 Alyn McCauley Michael Haley Francois Bouchard 40 1 2 2
PowerPlay Defense
Defense Defense Time % Phy DF OF
1 Matt Hunwick Jakub Kindl 60 1 2 2
2 Brendon Nash Andrew MacDonald 40 1 2 2
Penalty Kill 4 Players Forward
Center Wing Time % Phy DF OF
1 Wayne Primeau Mathieu Dandenault 60 1 2 2
2 Alyn McCauley Shawn Matthias 40 1 2 2
Penalty Kill 4 Players Defense
Defense Defense Time % Phy DF OF
1 Matt Hunwick Jakub Kindl 60 1 2 2
2 Brendon Nash Andrew MacDonald 40 1 2 2
Penalty Kill - 3 Players Forward
Forward Time % Phy DF OF
1 Wayne Primeau 60 1 2 2
2 Mathieu Dandenault 40 1 2 2
Penalty Kill - 3 Players Defense
Defense Defense Time % Phy DF OF
1 Matt Hunwick Jakub Kindl 60 1 2 2
2 Brendon Nash Andrew MacDonald 40 1 2 2
4 vs 4 Forward
Center Wing Time % Phy DF OF
1 Wayne Primeau Mathieu Dandenault 60 1 2 2
2 Alyn McCauley Shawn Matthias 40 1 2 2
4 vs 4 Defense
Defense Defense Time % Phy DF OF
1 Matt Hunwick Jakub Kindl 60 1 2 2
2 Brendon Nash Andrew MacDonald 40 1 2 2
Last Minutes Offensive
Center Left Wing Right Wing Defense Defense
Wayne Primeau Zach Boychuk Mathieu Dandenault Matt Hunwick Jakub Kindl
Last Minutes Defensive
Center Left Wing Right Wing Defense Defense
Wayne Primeau Zach Boychuk Mathieu Dandenault Matt Hunwick Jakub Kindl
Goaltenders
Starting : Martin Biron
Backup : Matt Hackett
Extra Forwards
Normal : Steven Zalewski, Matt Calvert, Luca Caputi - PP : Steven Zalewski, Matt Calvert - PK : Luca Caputi
Extra Defensemen
Normal : Steve Oleksy, Calvin de Haan, Olivier Magnan - PP : Steve Oleksy - PK : Calvin de Haan, Olivier Magnan
Penalty Shots
Wayne Primeau, Mathieu Dandenault, Alyn McCauley, Shawn Matthias, Zach Boychuk
% Time on Ice - Tamiflu
Lines # - Real PCT - Wanted PCT - Time Play
Normal Forward
1 - 33% - 40% - 17:59
2 - 29% - 30% - 15:42
3 - 23% - 20% - 12:28
4 - 16% - 10% - 8:34
Normal Defense
1 - 39% - 40% - 21:18
2 - 30% - 30% - 16:24
3 - 21% - 20% - 11:15
4 - 11% - 10% - 5:46
PP Forward
1 - 49% - 60% - 1:57
2 - 51% - 40% - 2:01
PP Defense
1 - 50% - 60% - 1:58
2 - 50% - 40% - 2:00
PK Forward
1 - 100% - 60% - 0:10
2 - 0% - 40% - 0:00
PK Defense
1 - 100% - 60% - 0:10
2 - 0% - 40% - 0:00
PK3 Forward
1 - 0% - 60%
2 - 0% - 40%
PK3 Defense
1 - 0% - 60%
2 - 0% - 40%
44 Forward
1 - 0% - 60%
2 - 0% - 40%
44 Defense
1 - 0% - 60%
2 - 0% - 40%
Last Minute Offensive - 1:09
Last Minute Defensive - 0:00
Total
Forward - 60:00
Defense - 60:00
|
% Time on Ice - Blackdemons
Lines # - Real PCT - Wanted PCT - Time Play
Normal Forward
1 - 33% - 40% - 17:55
2 - 29% - 30% - 15:51
3 - 27% - 20% - 14:55
4 - 11% - 10% - 5:59
Normal Defense
1 - 39% - 40% - 21:10
2 - 29% - 30% - 16:01
3 - 22% - 20% - 11:54
4 - 10% - 10% - 5:35
PP Forward
1 - 0% - 60% - 0:00
2 - 100% - 40% - 0:10
PP Defense
1 - 100% - 60% - 0:10
2 - 0% - 40% - 0:00
PK Forward
1 - 92% - 60% - 3:39
2 - 8% - 40% - 0:19
PK Defense
1 - 62% - 60% - 2:27
2 - 38% - 40% - 1:31
PK3 Forward
1 - 0% - 60%
2 - 0% - 40%
PK3 Defense
1 - 0% - 60%
2 - 0% - 40%
44 Forward
1 - 0% - 60%
2 - 0% - 40%
44 Defense
1 - 0% - 60%
2 - 0% - 40%
Last Minute Offensive - 0:00
Last Minute Defensive - 1:12
Total
Forward - 60:00
Defense - 60:00
|
Play by Play
1st period
0:01 of 1st period - Nate Thompson wins face-off versus Wayne Primeau in neutral zone.
0:18 of 1st period - Jonathan Sigalet is hit by Jakub Kindl and loses puck.
0:22 of 1st period - Icing by Petr Pohl.
0:23 of 1st period - Alyn McCauley wins face-off versus Nate Thompson in Tamiflu zone.
0:30 of 1st period - Wrist shot by Alyn McCauley.
0:30 of 1st period - Stopped by Mike McKenna without a rebound.
0:31 of 1st period - Alyn McCauley wins face-off versus Carson Mcmillan in Tamiflu zone.
0:53 of 1st period - Icing by Johan Fransson.
0:54 of 1st period - Adam Henrique wins face-off versus Shawn Matthias in Tamiflu zone.
0:59 of 1st period - Slapshot by Nathan Oystrick.
0:59 of 1st period - Shot Misses the Net.
1:07 of 1st period - Wrist shot by Rich Clune.
1:07 of 1st period - Shot Misses the Net.
1:09 of 1st period - Slapshot by Nathan Oystrick.
1:09 of 1st period - Shot Misses the Net.
1:19 of 1st period - Philip Samuelsson is hit by Steve Oleksy.
1:39 of 1st period - Philip Samuelsson is hit by Wayne Primeau and loses puck.
3:15 of 1st period - Slapshot by Adam Henrique.
3:15 of 1st period - Stopped by Martin Biron without a rebound.
3:16 of 1st period - Adam Henrique wins face-off versus Shawn Matthias in Blackdemons zone.
3:27 of 1st period - Wrist shot by Adam Henrique.
3:27 of 1st period - Deflect By Carson Mcmillan.
3:27 of 1st period - Shot Misses the Net.
3:27 of 1st period - Puck is out of play.
3:28 of 1st period - Nate Thompson wins face-off versus Wayne Primeau in Blackdemons zone.
3:41 of 1st period - Wrist shot by Alex Picard.
3:41 of 1st period - Shot Blocked by Andrew MacDonald.
3:58 of 1st period - Cody Goloubef is hit by Michael Haley and loses puck.
4:50 of 1st period - Off-side.
4:51 of 1st period - Wayne Primeau wins face-off versus Nate Thompson in neutral zone.
5:40 of 1st period - Snap shot by Matt Calvert.
5:40 of 1st period - Shot Misses the Net.
5:58 of 1st period - Slapshot by Mathieu Dandenault.
5:58 of 1st period - Shot Misses the Net.
6:40 of 1st period - Wrist shot by Shawn Matthias.
6:40 of 1st period - Shot Misses the Net.
6:42 of 1st period - Snap shot by Matt Calvert.
6:42 of 1st period - Goal by Matt Calvert - Tamiflu : 0 - Blackdemons : 1.
6:43 of 1st period - Nate Thompson wins face-off versus Zach Boychuk in neutral zone.
6:59 of 1st period - Snap shot by Mathieu Dandenault.
6:59 of 1st period - Shot Misses the Net.
7:09 of 1st period - Alyn McCauley is hit by Jan Mursak and loses puck.
8:13 of 1st period - Wrist shot by Alex Picard.
8:13 of 1st period - Shot Blocked by Wayne Primeau.
8:38 of 1st period - Icing by Calvin de Haan.
8:39 of 1st period - Alyn McCauley wins face-off versus Adam Henrique in Blackdemons zone.
8:56 of 1st period - Slapshot by Michael Haley.
8:56 of 1st period - Stopped by Mike McKenna with a rebound.
9:28 of 1st period - Wrist shot by Michael Haley.
9:28 of 1st period - Stopped by Mike McKenna without a rebound.
9:29 of 1st period - Mathieu Dandenault wins face-off versus Alex Picard in Tamiflu zone.
9:40 of 1st period - Wayne Primeau is hit by Petr Pohl and loses puck.
9:55 of 1st period - Rich Clune is hit by Shawn Matthias and loses puck.
10:18 of 1st period - Slapshot by Jordan Hendry.
10:18 of 1st period - Shot Blocked by Andrew MacDonald.
10:52 of 1st period - Icing by Olivier Magnan.
10:53 of 1st period - Adam Henrique wins face-off versus Alyn McCauley in Blackdemons zone.
11:06 of 1st period - Wrist shot by Carson Mcmillan.
11:06 of 1st period - Stopped by Martin Biron with a rebound.
11:24 of 1st period - Wayne Primeau is hit by Jan Mursak and loses puck.
11:33 of 1st period - Wrist shot by Wayne Primeau.
11:33 of 1st period - Stopped by Mike McKenna without a rebound.
11:34 of 1st period - Alyn McCauley wins face-off versus Nate Thompson in Tamiflu zone.
11:39 of 1st period - Wrist shot by Petr Pohl.
11:39 of 1st period - Shot Blocked by Jakub Kindl.
11:41 of 1st period - Snap shot by Nate Thompson.
11:41 of 1st period - Stopped by Martin Biron with a rebound.
11:43 of 1st period - Backhand shot by Nate Thompson.
11:43 of 1st period - Stopped by Martin Biron with a rebound.
11:45 of 1st period - Slapshot by Cody Goloubef.
11:45 of 1st period - Stopped by Martin Biron with a rebound.
11:47 of 1st period - Snap shot by Nate Thompson.
11:47 of 1st period - Shot Misses the Net.
12:07 of 1st period - Wrist shot by Mike Duco.
12:07 of 1st period - Stopped by Martin Biron with a rebound.
12:36 of 1st period - Off-side.
12:37 of 1st period - Wayne Primeau wins face-off versus Nate Thompson in neutral zone.
13:04 of 1st period - Slapshot by Adam Henrique.
13:04 of 1st period - Shot Misses the Net.
13:06 of 1st period - Wrist shot by Carson Mcmillan.
13:06 of 1st period - Stopped by Martin Biron with a rebound.
13:08 of 1st period - Snap shot by Carson Mcmillan.
13:08 of 1st period - Stopped by Martin Biron without a rebound.
13:09 of 1st period - Shawn Matthias wins face-off versus Nate Thompson in Blackdemons zone.
13:36 of 1st period - Carson Mcmillan is hit by Alyn McCauley and loses puck.
14:28 of 1st period - Nathan Oystrick is hit by Shawn Matthias and loses puck.
14:39 of 1st period - Snap shot by Matt Calvert.
14:39 of 1st period - Shot Misses the Net.
15:11 of 1st period - Snap shot by Nathan Oystrick.
15:11 of 1st period - Deflect By Alyn McCauley.
15:11 of 1st period - Stopped by Martin Biron with a rebound.
15:13 of 1st period - Wrist shot by Philippe Dupuis.
15:13 of 1st period - Stopped by Martin Biron with a rebound.
15:15 of 1st period - Snap shot by Nathan Oystrick.
15:15 of 1st period - Stopped by Martin Biron with a rebound.
15:59 of 1st period - Snap shot by Ben Hanowski.
15:59 of 1st period - Stopped by Martin Biron with a rebound.
16:01 of 1st period - Backhand shot by Nathan Oystrick.
16:01 of 1st period - Stopped by Martin Biron with a rebound.
16:03 of 1st period - Snap shot by Garrett Wilson.
16:03 of 1st period - Shot Blocked by Olivier Magnan.
16:05 of 1st period - Slapshot by Johan Fransson.
16:05 of 1st period - Deflect By Ben Hanowski.
16:05 of 1st period - Goal by Ben Hanowski - Tamiflu : 1 - Blackdemons : 1.
16:06 of 1st period - Nate Thompson wins face-off versus Wayne Primeau in neutral zone.
16:21 of 1st period - Snap shot by Zach Boychuk.
16:21 of 1st period - Shot Blocked by Jordan Hendry.
19:28 of 1st period - Ben Hanowski is hit by Stefan Legein and loses puck.
Goals for this period are 1 for Tamiflu vs 1 for Blackdemons.
Shots for this period are 14 for Tamiflu vs 5 for Blackdemons.
2nd period
0:01 of 2nd period - Wayne Primeau wins face-off versus Petr Pohl in neutral zone.
0:04 of 2nd period - Snap shot by Mathieu Dandenault.
0:04 of 2nd period - Stopped by Mike McKenna with a rebound.
0:06 of 2nd period - Slapshot by Wayne Primeau.
0:06 of 2nd period - Stopped by Mike McKenna without a rebound.
0:07 of 2nd period - Wayne Primeau wins face-off versus Nate Thompson in Tamiflu zone.
0:18 of 2nd period - Wrist shot by Zach Boychuk.
0:18 of 2nd period - Stopped by Mike McKenna without a rebound.
0:19 of 2nd period - Wayne Primeau wins face-off versus Nate Thompson in Tamiflu zone.
0:20 of 2nd period - Snap shot by Mathieu Dandenault.
0:20 of 2nd period - Shot Misses the Net.
0:22 of 2nd period - Snap shot by Wayne Primeau.
0:22 of 2nd period - Shot Blocked by Kyle Lawson.
0:44 of 2nd period - Matt Hunwick is hit by Carson Mcmillan and loses puck.
0:57 of 2nd period - Snap shot by Adam Henrique.
0:57 of 2nd period - Shot Blocked by Francois Bouchard.
1:16 of 2nd period - Snap shot by Shawn Matthias.
1:16 of 2nd period - Stopped by Mike McKenna with a rebound.
1:43 of 2nd period - Slapshot by Jonathan Sigalet.
1:43 of 2nd period - Shot Misses the Net.
2:12 of 2nd period - Snap shot by Rich Clune.
2:12 of 2nd period - Stopped by Martin Biron with a rebound.
2:14 of 2nd period - Backhand shot by Mike Duco.
2:14 of 2nd period - Shot Blocked by Matt Hunwick.
2:41 of 2nd period - Slapshot by Jonathan Sigalet.
2:41 of 2nd period - Shot Misses the Net.
2:43 of 2nd period - Wrist shot by Jonathan Sigalet.
2:43 of 2nd period - Shot Blocked by Matt Hunwick.
2:55 of 2nd period - Wrist shot by Rich Clune.
2:55 of 2nd period - Goal by Rich Clune - Tamiflu : 2 - Blackdemons : 1.
2:56 of 2nd period - Nate Thompson wins face-off versus Wayne Primeau in neutral zone.
3:03 of 2nd period - Snap shot by Nate Thompson.
3:03 of 2nd period - Shot Misses the Net.
3:45 of 2nd period - Steven Zalewski is hit by Nathan Oystrick.
4:16 of 2nd period - Icing by Alyn McCauley.
4:17 of 2nd period - Alyn McCauley wins face-off versus Adam Henrique in Blackdemons zone.
4:17 of 2nd period - Alyn McCauley is hit by Jan Mursak.
4:29 of 2nd period - Slapshot by Adam Henrique.
4:29 of 2nd period - Shot Misses the Net.
4:31 of 2nd period - Snap shot by Carson Mcmillan.
4:31 of 2nd period - Stopped by Martin Biron without a rebound.
4:32 of 2nd period - Wayne Primeau wins face-off versus Alex Picard in Blackdemons zone.
4:32 of 2nd period - Wayne Primeau is hit by Kyle Lawson.
4:42 of 2nd period - Alex Picard is hit by Wayne Primeau and loses puck.
5:19 of 2nd period - Snap shot by Wayne Primeau.
5:19 of 2nd period - Shot Misses the Net.
5:21 of 2nd period - Wrist shot by Steven Zalewski.
5:21 of 2nd period - Stopped by Mike McKenna without a rebound.
5:22 of 2nd period - Adam Henrique wins face-off versus Shawn Matthias in Tamiflu zone.
5:29 of 2nd period - Snap shot by Carson Mcmillan.
5:29 of 2nd period - Shot Misses the Net.
5:31 of 2nd period - Snap shot by Adam Henrique.
5:31 of 2nd period - Stopped by Martin Biron with a rebound.
5:33 of 2nd period - Snap shot by Adam Henrique.
5:33 of 2nd period - Shot Blocked by Matt Hunwick.
5:35 of 2nd period - Slapshot by Carson Mcmillan.
5:35 of 2nd period - Shot Misses the Net.
5:37 of 2nd period - Snap shot by Carson Mcmillan.
5:37 of 2nd period - Shot Misses the Net.
5:39 of 2nd period - Slapshot by Adam Henrique.
5:39 of 2nd period - Stopped by Martin Biron with a rebound.
5:41 of 2nd period - Wrist shot by Jan Mursak.
5:41 of 2nd period - Deflect By Carson Mcmillan.
5:41 of 2nd period - Stopped by Martin Biron with a rebound.
5:43 of 2nd period - Slapshot by Jonathan Sigalet.
5:43 of 2nd period - Deflect By Shawn Matthias.
5:43 of 2nd period - Stopped by Martin Biron without a rebound.
5:44 of 2nd period - Nate Thompson wins face-off versus Wayne Primeau in Blackdemons zone.
5:47 of 2nd period - Wrist shot by Alex Picard.
5:47 of 2nd period - Shot Blocked by Brendon Nash.
5:49 of 2nd period - Snap shot by Nathan Oystrick.
5:49 of 2nd period - Stopped by Martin Biron with a rebound.
5:51 of 2nd period - Slapshot by Nathan Oystrick.
5:51 of 2nd period - Shot Blocked by Andrew MacDonald.
5:59 of 2nd period - Slapshot by Nate Thompson.
5:59 of 2nd period - Stopped by Martin Biron with a rebound.
6:09 of 2nd period - Mike Duco is hit by Brendon Nash and loses puck.
6:14 of 2nd period - Wrist shot by Michael Haley.
6:14 of 2nd period - Shot Blocked by Johan Fransson.
6:16 of 2nd period - Snap shot by Michael Haley.
6:16 of 2nd period - Deflect By Alyn McCauley.
6:16 of 2nd period - Shot Blocked by Johan Fransson.
6:16 of 2nd period - Puck is out of play.
6:17 of 2nd period - Wayne Primeau wins face-off versus Nate Thompson in Tamiflu zone.
6:30 of 2nd period - Wrist shot by Wayne Primeau.
6:30 of 2nd period - Shot Misses the Net.
6:32 of 2nd period - Slapshot by Wayne Primeau.
6:32 of 2nd period - Shot Blocked by Alex Picard.
6:44 of 2nd period - Slapshot by Alyn McCauley.
6:44 of 2nd period - Shot Misses the Net.
6:54 of 2nd period - Michael Haley is hit by Adam Henrique and loses puck.
7:11 of 2nd period - Backhand shot by Mike Duco.
7:11 of 2nd period - Shot Misses the Net.
7:13 of 2nd period - Snap shot by Nathan Oystrick.
7:13 of 2nd period - Stopped by Martin Biron without a rebound.
7:14 of 2nd period - Nate Thompson wins face-off versus Wayne Primeau in Blackdemons zone.
7:41 of 2nd period - Icing by Matt Calvert.
7:42 of 2nd period - Shawn Matthias wins face-off versus Adam Henrique in Blackdemons zone.
8:27 of 2nd period - Snap shot by Matt Calvert.
8:27 of 2nd period - Shot Misses the Net.
8:29 of 2nd period - Wrist shot by Shawn Matthias.
8:29 of 2nd period - Shot Misses the Net.
8:31 of 2nd period - Snap shot by Steve Oleksy.
8:31 of 2nd period - Stopped by Mike McKenna with a rebound.
8:37 of 2nd period - Wrist shot by Shawn Matthias.
8:37 of 2nd period - Stopped by Mike McKenna without a rebound.
8:38 of 2nd period - Wayne Primeau wins face-off versus Adam Henrique in Tamiflu zone.
8:39 of 2nd period - Wrist shot by Zach Boychuk.
8:39 of 2nd period - Stopped by Mike McKenna with a rebound.
8:41 of 2nd period - Slapshot by Andrew MacDonald.
8:41 of 2nd period - Shot Misses the Net.
9:28 of 2nd period - Philippe Dupuis is hit by Luca Caputi and loses puck.
10:52 of 2nd period - Snap shot by Adam Henrique.
10:52 of 2nd period - Stopped by Martin Biron with a rebound.
10:54 of 2nd period - Snap shot by Nathan Oystrick.
10:54 of 2nd period - Stopped by Martin Biron without a rebound.
10:55 of 2nd period - Nate Thompson wins face-off versus Alyn McCauley in Blackdemons zone.
11:25 of 2nd period - Slapshot by Jakub Kindl.
11:25 of 2nd period - Shot Blocked by Kyle Lawson.
11:27 of 2nd period - Snap shot by Shawn Matthias.
11:27 of 2nd period - Shot Misses the Net.
11:29 of 2nd period - Slapshot by Shawn Matthias.
11:29 of 2nd period - Goal by Shawn Matthias - Tamiflu : 2 - Blackdemons : 2.
11:30 of 2nd period - Wayne Primeau wins face-off versus Alex Picard in neutral zone.
11:44 of 2nd period - Icing by Alex Picard.
11:45 of 2nd period - Nate Thompson wins face-off versus Wayne Primeau in Tamiflu zone.
11:45 of 2nd period - Nate Thompson is hit by Mathieu Dandenault.
11:53 of 2nd period - Backhand shot by Alex Picard.
11:53 of 2nd period - Stopped by Martin Biron without a rebound.
11:54 of 2nd period - Mathieu Dandenault wins face-off versus Nate Thompson in Blackdemons zone.
11:56 of 2nd period - Minor Penalty to Zach Boychuk for High sticking.
11:57 of 2nd period - Wayne Primeau wins face-off versus Nate Thompson in Blackdemons zone.
11:57 of 2nd period - Wayne Primeau is hit by Jonathan Sigalet.
13:56 of 2nd period - Penalty to Zach Boychuk is over, Zach Boychuk is back on ice.
14:19 of 2nd period - Snap shot by Zach Boychuk.
14:19 of 2nd period - Stopped by Mike McKenna with a rebound.
17:12 of 2nd period - Garrett Wilson is hit by Luca Caputi and loses puck.
18:35 of 2nd period - Slapshot by Nathan Oystrick.
18:35 of 2nd period - Stopped by Martin Biron without a rebound.
18:36 of 2nd period - Luca Caputi wins face-off versus Jan Mursak in Blackdemons zone.
18:53 of 2nd period - Stefan Legein is hit by Jordan Hendry and loses puck.
18:54 of 2nd period - Stefan Legein from Blackdemons is injured at 18:54 of 2nd period (Left Hand).
18:55 of 2nd period - Nate Thompson wins face-off versus Wayne Primeau in Blackdemons zone.
19:18 of 2nd period - Icing by Matt Hunwick.
19:19 of 2nd period - Adam Henrique wins face-off versus Alyn McCauley in Blackdemons zone.
19:22 of 2nd period - Slapshot by Adam Henrique.
19:22 of 2nd period - Deflect By Carson Mcmillan.
19:22 of 2nd period - Shot Misses the Net.
19:22 of 2nd period - Puck is out of play.
19:23 of 2nd period - Adam Henrique wins face-off versus Alyn McCauley in Blackdemons zone.
19:26 of 2nd period - Slapshot by Adam Henrique.
19:26 of 2nd period - Stopped by Martin Biron without a rebound.
19:27 of 2nd period - Wayne Primeau wins face-off versus Nate Thompson in Blackdemons zone.
19:53 of 2nd period - Icing by Zach Boychuk.
19:54 of 2nd period - Casey Wellman wins face-off versus Wayne Primeau in Blackdemons zone.
19:55 of 2nd period - Snap shot by Mike Duco.
19:55 of 2nd period - Shot Blocked by Mathieu Dandenault.
Goals for this period are 1 for Tamiflu vs 1 for Blackdemons.
Shots for this period are 15 for Tamiflu vs 10 for Blackdemons.
3rd period
0:01 of 3rd period - Wayne Primeau wins face-off versus Nate Thompson in neutral zone.
0:12 of 3rd period - Snap shot by Petr Pohl.
0:12 of 3rd period - Deflect By Zach Boychuk.
0:12 of 3rd period - Shot Misses the Net.
0:12 of 3rd period - Puck is out of play.
0:13 of 3rd period - Wayne Primeau wins face-off versus Nate Thompson in Blackdemons zone.
0:18 of 3rd period - Alex Picard is hit by Jakub Kindl and loses puck.
0:29 of 3rd period - Snap shot by Wayne Primeau.
0:29 of 3rd period - Deflect By Zach Boychuk.
0:29 of 3rd period - Stopped by Mike McKenna with a rebound.
1:15 of 3rd period - Off-side.
1:16 of 3rd period - Wayne Primeau wins face-off versus Nate Thompson in neutral zone.
1:37 of 3rd period - Brendon Nash is hit by Johan Fransson and loses puck.
2:58 of 3rd period - Shawn Matthias is hit by Garrett Wilson and loses puck.
3:21 of 3rd period - Snap shot by Alex Picard.
3:21 of 3rd period - Stopped by Martin Biron without a rebound.
3:22 of 3rd period - Nate Thompson wins face-off versus Wayne Primeau in Blackdemons zone.
3:23 of 3rd period - Snap shot by Alex Picard.
3:23 of 3rd period - Goal by Alex Picard - Tamiflu : 3 - Blackdemons : 2.
3:24 of 3rd period - Wayne Primeau wins face-off versus Nate Thompson in neutral zone.
3:40 of 3rd period - Slapshot by Zach Boychuk.
3:40 of 3rd period - Shot Blocked by Petr Pohl.
4:16 of 3rd period - Slapshot by Steven Zalewski.
4:16 of 3rd period - Stopped by Mike McKenna without a rebound.
4:17 of 3rd period - Casey Wellman wins face-off versus Shawn Matthias in Tamiflu zone.
4:37 of 3rd period - Slapshot by Rich Clune.
4:37 of 3rd period - Shot Misses the Net.
4:39 of 3rd period - Wrist shot by Casey Wellman.
4:39 of 3rd period - Shot Blocked by Brendon Nash.
4:43 of 3rd period - Snap shot by Nathan Oystrick.
4:43 of 3rd period - Stopped by Martin Biron with a rebound.
4:45 of 3rd period - Wrist shot by Mike Duco.
4:45 of 3rd period - Shot Misses the Net.
4:47 of 3rd period - Wrist shot by Mike Duco.
4:47 of 3rd period - Stopped by Martin Biron with a rebound.
4:55 of 3rd period - Slapshot by Rich Clune.
4:55 of 3rd period - Stopped by Martin Biron without a rebound.
4:56 of 3rd period - Nate Thompson wins face-off versus Wayne Primeau in Blackdemons zone.
5:31 of 3rd period - Slapshot by Jakub Kindl.
5:31 of 3rd period - Shot Blocked by Jan Mursak.
5:48 of 3rd period - Philip Samuelsson is hit by Matt Calvert and loses puck.
6:05 of 3rd period - Slapshot by Garrett Wilson.
6:05 of 3rd period - Deflect By Ben Hanowski.
6:05 of 3rd period - Stopped by Martin Biron without a rebound.
6:06 of 3rd period - Nate Thompson wins face-off versus Wayne Primeau in Blackdemons zone.
6:09 of 3rd period - Snap shot by Alex Picard.
6:09 of 3rd period - Stopped by Martin Biron without a rebound.
6:10 of 3rd period - Wayne Primeau wins face-off versus Nate Thompson in Blackdemons zone.
6:22 of 3rd period - Off-side.
6:23 of 3rd period - Nate Thompson wins face-off versus Wayne Primeau in neutral zone.
6:26 of 3rd period - Wayne Primeau is hit by Jordan Hendry and loses puck.
7:12 of 3rd period - Slapshot by Jakub Kindl.
7:12 of 3rd period - Deflect By Shawn Matthias.
7:12 of 3rd period - Shot Blocked by Mike Duco.
7:12 of 3rd period - Puck is out of play.
7:13 of 3rd period - Nate Thompson wins face-off versus Shawn Matthias in Tamiflu zone.
7:24 of 3rd period - Jonathan Sigalet is hit by Shawn Matthias and loses puck.
7:35 of 3rd period - Slapshot by Brendon Nash.
7:35 of 3rd period - Shot Blocked by Jordan Hendry.
7:37 of 3rd period - Snap shot by Steven Zalewski.
7:37 of 3rd period - Goal by Steven Zalewski - Tamiflu : 3 - Blackdemons : 3.
7:38 of 3rd period - Wayne Primeau wins face-off versus Nate Thompson in neutral zone.
8:03 of 3rd period - Jordan Hendry is hit by Alyn McCauley and loses puck.
8:35 of 3rd period - Slapshot by Matt Hunwick.
8:35 of 3rd period - Stopped by Mike McKenna with a rebound.
8:37 of 3rd period - Snap shot by Shawn Matthias.
8:37 of 3rd period - Deflect By Steven Zalewski.
8:37 of 3rd period - Stopped by Mike McKenna with a rebound.
8:47 of 3rd period - Slapshot by Zach Boychuk.
8:47 of 3rd period - Stopped by Mike McKenna with a rebound.
9:17 of 3rd period - Johan Fransson is hit by Michael Haley and loses puck.
9:43 of 3rd period - Backhand shot by Adam Henrique.
9:43 of 3rd period - Shot Misses the Net.
9:45 of 3rd period - Backhand shot by Carson Mcmillan.
9:45 of 3rd period - Stopped by Martin Biron with a rebound.
9:47 of 3rd period - Snap shot by Adam Henrique.
9:47 of 3rd period - Stopped by Martin Biron with a rebound.
9:49 of 3rd period - Slapshot by Nathan Oystrick.
9:49 of 3rd period - Deflect By Carson Mcmillan.
9:49 of 3rd period - Stopped by Martin Biron with a rebound.
9:51 of 3rd period - Slapshot by Johan Fransson.
9:51 of 3rd period - Shot Misses the Net.
9:53 of 3rd period - Snap shot by Carson Mcmillan.
9:53 of 3rd period - Stopped by Martin Biron with a rebound.
9:55 of 3rd period - Slapshot by Johan Fransson.
9:55 of 3rd period - Deflect By Andrew MacDonald.
9:55 of 3rd period - Stopped by Martin Biron with a rebound.
10:04 of 3rd period - Andrew MacDonald is hit by Jonathan Sigalet and loses puck.
10:07 of 3rd period - Minor Penalty to Casey Wellman for Tripping.
10:08 of 3rd period - Alyn McCauley wins face-off versus Nate Thompson in Tamiflu zone.
10:11 of 3rd period - Slapshot by Matt Hunwick.
10:11 of 3rd period - Stopped by Mike McKenna with a rebound.
10:13 of 3rd period - Slapshot by Jakub Kindl.
10:13 of 3rd period - Shot Blocked by Alex Picard.
10:15 of 3rd period - Backhand shot by Francois Bouchard.
10:15 of 3rd period - Shot Misses the Net.
10:17 of 3rd period - Slapshot by Matt Hunwick.
10:17 of 3rd period - Goal by Matt Hunwick - Tamiflu : 3 - Blackdemons : 4.
10:18 of 3rd period - Nate Thompson wins face-off versus Wayne Primeau in neutral zone.
10:49 of 3rd period - Slapshot by Jordan Hendry.
10:49 of 3rd period - Shot Blocked by Matt Hunwick.
11:45 of 3rd period - Philip Samuelsson is hit by Luca Caputi and loses puck.
11:46 of 3rd period - Philip Samuelsson from Tamiflu is injured at 11:46 of 3rd period (Strained Right Elbow).
11:47 of 3rd period - Wayne Primeau wins face-off versus Alex Picard in Tamiflu zone.
11:52 of 3rd period - Slapshot by Mathieu Dandenault.
11:52 of 3rd period - Stopped by Mike McKenna with a rebound.
11:54 of 3rd period - Slapshot by Wayne Primeau.
11:54 of 3rd period - Stopped by Mike McKenna with a rebound.
12:09 of 3rd period - Icing by Nate Thompson.
12:10 of 3rd period - Alyn McCauley wins face-off versus Jan Mursak in Tamiflu zone.
12:19 of 3rd period - Snap shot by Alyn McCauley.
12:19 of 3rd period - Shot Misses the Net.
12:45 of 3rd period - Petr Pohl is hit by Wayne Primeau and loses puck.
13:20 of 3rd period - Wrist shot by Alyn McCauley.
13:20 of 3rd period - Shot Misses the Net.
13:50 of 3rd period - Slapshot by Carson Mcmillan.
13:50 of 3rd period - Stopped by Martin Biron with a rebound.
13:53 of 3rd period - Icing by Steven Zalewski.
13:54 of 3rd period - Nate Thompson wins face-off versus Steven Zalewski in Blackdemons zone.
14:09 of 3rd period - Slapshot by Steve Oleksy.
14:09 of 3rd period - Stopped by Mike McKenna with a rebound.
14:11 of 3rd period - Wrist shot by Luca Caputi.
14:11 of 3rd period - Shot Blocked by Petr Pohl.
14:13 of 3rd period - Slapshot by Steve Oleksy.
14:13 of 3rd period - Stopped by Mike McKenna with a rebound.
14:15 of 3rd period - Slapshot by Steve Oleksy.
14:15 of 3rd period - Shot Blocked by Petr Pohl.
14:17 of 3rd period - Slapshot by Wayne Primeau.
14:17 of 3rd period - Shot Misses the Net.
14:25 of 3rd period - Backhand shot by Wayne Primeau.
14:25 of 3rd period - Deflect By Luca Caputi.
14:25 of 3rd period - Shot Blocked by Petr Pohl.
14:25 of 3rd period - Puck is out of play.
14:26 of 3rd period - Adam Henrique wins face-off versus Alyn McCauley in Tamiflu zone.
14:35 of 3rd period - Wrist shot by Jan Mursak.
14:35 of 3rd period - Shot Misses the Net.
14:37 of 3rd period - Slapshot by Johan Fransson.
14:37 of 3rd period - Stopped by Martin Biron with a rebound.
15:13 of 3rd period - Minor Penalty to Wayne Primeau for Hooking.
15:14 of 3rd period - Luca Caputi wins face-off versus Nate Thompson in Blackdemons zone.
15:28 of 3rd period - Wrist shot by Alex Picard.
15:28 of 3rd period - Stopped by Martin Biron with a rebound.
15:30 of 3rd period - Snap shot by Jonathan Sigalet.
15:30 of 3rd period - Shot Misses the Net.
16:29 of 3rd period - Michael Haley is hit by Adam Henrique and loses puck.
17:13 of 3rd period - Penalty to Wayne Primeau is over, Wayne Primeau is back on ice.
18:54 of 3rd period - Andrew MacDonald is hit by Nate Thompson and loses puck.
19:13 of 3rd period - Snap shot by Zach Boychuk.
19:13 of 3rd period - Stopped by Mike McKenna with a rebound.
19:15 of 3rd period - Snap shot by Andrew MacDonald.
19:15 of 3rd period - Stopped by Mike McKenna without a rebound.
19:16 of 3rd period - Mike Sullivan call a timeout for Tamiflu.
19:16 of 3rd period - Wayne Primeau wins face-off versus Nate Thompson in Tamiflu zone.
19:34 of 3rd period - Off-side.
19:35 of 3rd period - Nate Thompson wins face-off versus Wayne Primeau in neutral zone.
19:47 of 3rd period - Tamiflu, Mike McKenna is pulled from the net.
Goals for this period are 1 for Tamiflu vs 2 for Blackdemons.
Shots for this period are 15 for Tamiflu vs 14 for Blackdemons.
Output by the SimonT Hockey Simulator (STHS) for François Prévost -- Original Page W3C XHTML 1.0 Valid